| TOP OF THE 1ST |
|
Columbus Jets batting - Pitching for Rochester Red Wings : RHP Nelson Sanchez
|
|
Pitching: RHP Nelson Sanchez
|
|
|
Batting: LHB Craig Brooks
|
0-0: Ball 1-0: Called Strike 1-1: Called Strike 1-2: Foul Ball, location: 2F 1-2: Foul Ball, location: 2F 1-2: Ball 2-2: Fly out, F9 (Flyball, 9S, EV 86.9 MPH)
|
|
Batting: RHB Greg Schultz
|
0-0: Ball 1-0: Foul Ball, location: 2F 1-1: Foul Ball, location: 2F 1-2: Ball 2-2: Foul Ball, location: 2F 2-2: SINGLE (Groundball, 25, EV 70.6 MPH) (infield hit)
|
|
Batting: RHB Danny Tartabull
|
0-0: Ball Greg Schultz is caught stealing 2nd base 2-4 1-0: Called Strike 1-1: Called Strike 1-2: SINGLE (Groundball, 56D, EV 109.4 MPH)
|
|
Batting: LHB Larry Sheets
|
0-0: Ball 1-0: Foul Ball, location: 2F 1-1: Foul Ball, location: 2F 1-2: SINGLE (Line Drive, 8RS, EV 108.1 MPH) Danny Tartabull to second
|
|
Batting: RHB Jim Maler
|
0-0: Foul Ball, location: 2F 0-1: SINGLE (Groundball, 6MD, EV 103.1 MPH) Danny Tartabull to third Larry Sheets to second Runner from 3rd tries for Home, SAFE, throw by CF to home
|
|
Batting: RHB Michael Ventress
|
0-0: Fly out, F9 (Line Drive, 9, EV 90.6 MPH)
|
| Top of the 1st over - 1 run, 4 hits, 0 errors, 2 left on base; Columbus 1 - Rochester 0 |
| BOTTOM OF THE 1ST |
|
Rochester Red Wings batting - Pitching for Columbus Jets : RHP Sven Lamberts
|
|
Pitching: RHP Sven Lamberts
|
|
|
Batting: RHB Jerry Dybzinski
|
0-0: Ground out U3 (Groundball, 34, EV 93.1 MPH)
|
|
Batting: LHB Ed Amelung
|
0-0: Ball 1-0: Called Strike 1-1: Foul Ball, location: 2F 1-2: Ball 2-2: Ball 3-2: SINGLE (Groundball, 34D, EV 100.0 MPH)
|
|
Batting: SHB Jordan Ayala
|
0-0: Ball Ed Amelung steals 2nd base 1-0: Ball 2-0: Ground out 5-3 (Groundball, 56, EV 86.9 MPH)
|
|
Batting: RHB Gerry Davis
|
0-0: Called Strike 0-1: Ball 1-1: Ball 2-1: Ground out 4-3 (Groundball, 4M, EV 85.0 MPH)
|
| Bottom of the 1st over - 0 runs, 1 hit, 0 errors, 1 left on base; Columbus 1 - Rochester 0 |
| TOP OF THE 2ND |
|
Columbus Jets batting - Pitching for Rochester Red Wings : RHP Nelson Sanchez
|
|
Batting: RHB Glenn Goya
|
0-0: Ball 1-0: Called Strike 1-1: Called Strike 1-2: Strikes out swinging
|
|
Batting: RHB Ray Smith
|
0-0: Fly out, F7 (Flyball, 78S, EV 94.4 MPH)
|
|
Batting: RHB Jackie Gutierrez
|
0-0: Fly out, F7 (Flyball, 7S, EV 83.1 MPH)
|
| Top of the 2nd over - 0 runs, 0 hits, 0 errors, 0 left on base; Columbus 1 - Rochester 0 |
| BOTTOM OF THE 2ND |
|
Rochester Red Wings batting - Pitching for Columbus Jets : RHP Sven Lamberts
|
|
Batting: RHB Pat Casey
|
0-0: Ball 1-0: Called Strike 1-1: Foul Ball, location: 2F 1-2: Reached on error, E6 (Groundball, 6, EV 105.6 MPH)
|
|
Batting: RHB Chris Johnston
|
0-0: Ball 1-0: Called Strike 1-1: Swinging Strike 1-2: Strikes out swinging
|
|
Batting: LHB Dave Falcone
|
0-0: Called Strike Pat Casey is caught stealing 2nd base 2-6 0-1: Ball 1-1: Ground out 4-3 (Groundball, 4, EV 106.9 MPH)
|
| Bottom of the 2nd over - 0 runs, 0 hits, 1 error, 0 left on base; Columbus 1 - Rochester 0 |
| TOP OF THE 3RD |
|
Columbus Jets batting - Pitching for Rochester Red Wings : RHP Nelson Sanchez
|
|
Batting: LHB Craig Brooks
|
0-0: Called Strike 0-1: Ball 1-1: DOUBLE (Line Drive, 89D, EV 101.3 MPH)
|
|
Batting: RHB Greg Schultz
|
0-0: Swinging Strike 0-1: Ball 1-1: Foul Ball, location: 2F 1-2: Ball 2-2: Ground out 6-3 (Groundball, 56D, EV 101.3 MPH)
|
|
Batting: RHB Danny Tartabull
|
0-0: Ball Craig Brooks is caught stealing 3rd base 2-5 1-0: Ball 2-0: Ground out 5-3 (Groundball, 56S, EV 76.3 MPH)
|
| Top of the 3rd over - 0 runs, 1 hit, 0 errors, 0 left on base; Columbus 1 - Rochester 0 |
| BOTTOM OF THE 3RD |
|
Rochester Red Wings batting - Pitching for Columbus Jets : RHP Sven Lamberts
|
|
Batting: RHB Tom Brookens
|
0-0: Called Strike 0-1: Ball 1-1: TRIPLE (Line Drive, 89XD, EV 101.3 MPH)
|
|
Batting: RHB Johnnie LeMaster
|
0-0: Foul Ball, location: 2F 0-1: Ball 1-1: Foul Ball, location: 2F 1-2: Ball 2-2: Foul Ball, location: 2F 2-2: DOUBLE (Line Drive, 9LS, EV 108.8 MPH) Tom Brookens scores
|
|
Batting: RHB Jerry Dybzinski
|
0-0: Swinging Strike 0-1: Foul Ball, location: 2F 0-2: Foul Ball, location: 2F 0-2: Strikes out swinging
|
|
Batting: LHB Ed Amelung
|
0-0: Ball 1-0: Fly out, F7 (Flyball, 7LS, EV 85.0 MPH)
|
|
Batting: SHB Jordan Ayala
|
0-0: Called Strike 0-1: Foul Ball, location: 2F 0-2: Ball 1-2: Foul Ball, location: 2F 1-2: SINGLE (Groundball, 56S, EV 68.8 MPH) (infield hit) Johnnie LeMaster to third
|
|
Batting: RHB Gerry Davis
|
0-0: Ball 1-0: Called Strike 1-1: Ball 2-1: Fly out, F8 (Flyball, 8RD, EV 74.4 MPH)
|
| Bottom of the 3rd over - 1 run, 3 hits, 0 errors, 2 left on base; Columbus 1 - Rochester 1 |
| TOP OF THE 4TH |
|
Columbus Jets batting - Pitching for Rochester Red Wings : RHP Nelson Sanchez
|
|
Batting: LHB Larry Sheets
|
0-0: Foul Ball, location: 2F 0-1: Ball 1-1: Ball 2-1: Ground out 5-3 (Groundball, 56, EV 104.4 MPH)
|
|
Batting: RHB Jim Maler
|
0-0: Ball 1-0: Ground out 1-3 (Groundball, P, EV 68.8 MPH)
|
|
Batting: RHB Michael Ventress
|
0-0: Ball 1-0: Ball 2-0: Ball 3-0: Base on Balls
|
|
Batting: RHB Glenn Goya
|
0-0: Called Strike 0-1: Fly out, F4 (Popup, 4S, EV 70.0 MPH)
|
| Top of the 4th over - 0 runs, 0 hits, 0 errors, 1 left on base; Columbus 1 - Rochester 1 |
| BOTTOM OF THE 4TH |
|
Rochester Red Wings batting - Pitching for Columbus Jets : RHP Sven Lamberts
|
|
Batting: RHB Pat Casey
|
0-0: Ball 1-0: Swinging Strike 1-1: Foul Ball, location: 2F 1-2: Foul Ball, location: 2F 1-2: Strikes out swinging
|
|
Batting: RHB Chris Johnston
|
0-0: Called Strike 0-1: Ground out 4-3 (Groundball, 4, EV 98.1 MPH)
|
|
Batting: LHB Dave Falcone
|
0-0: Ball 1-0: Ball 2-0: Foul Ball, location: 2F 2-1: Ball 3-1: Foul Ball, location: 2F 3-2: Base on Balls
|
|
Batting: RHB Tom Brookens
|
0-0: Called Strike 0-1: Ball 1-1: Ball 2-1: Foul Ball, location: 2F 2-2: Ball 3-2: Foul Ball, location: 2F 3-2: Strikes out swinging
|
| Bottom of the 4th over - 0 runs, 0 hits, 0 errors, 1 left on base; Columbus 1 - Rochester 1 |
| TOP OF THE 5TH |
|
Columbus Jets batting - Pitching for Rochester Red Wings : RHP Nelson Sanchez
|
|
Batting: RHB Ray Smith
|
0-0: Swinging Strike 0-1: Swinging Strike 0-2: Ground out 6-3 (Groundball, 6, EV 97.5 MPH)
|
|
Batting: RHB Jackie Gutierrez
|
0-0: Called Strike 0-1: Ball 1-1: Ball 2-1: Fly out, F7 (Flyball, 78D, EV 96.3 MPH)
|
|
Batting: LHB Craig Brooks
|
0-0: Called Strike 0-1: Called Strike 0-2: Ball 1-2: Foul Ball, location: 2F 1-2: Ball 2-2: Strikes out looking
|
| Top of the 5th over - 0 runs, 0 hits, 0 errors, 0 left on base; Columbus 1 - Rochester 1 |
| BOTTOM OF THE 5TH |
|
Rochester Red Wings batting - Pitching for Columbus Jets : RHP Sven Lamberts
|
|
Batting: RHB Johnnie LeMaster
|
0-0: Called Strike 0-1: Foul Ball, location: 2F 0-2: Ground out 6-3 (Groundball, 6, EV 83.8 MPH)
|
|
Batting: RHB Jerry Dybzinski
|
0-0: Called Strike 0-1: Reached on error, E4 (Groundball, 4S, EV 84.4 MPH)
|
|
Batting: LHB Ed Amelung
|
0-0: Ball 1-0: Ball 2-0: Fielders Choice at 2nd, 4-6 (Groundball, 34, EV 81.3 MPH)
|
|
Batting: SHB Jordan Ayala
|
0-0: Ball 1-0: Foul Ball, location: 2F 1-1: Fly out, F8 (Flyball, 8RS, EV 75.6 MPH)
|
| Bottom of the 5th over - 0 runs, 0 hits, 1 error, 1 left on base; Columbus 1 - Rochester 1 |
| TOP OF THE 6TH |
|
Columbus Jets batting - Pitching for Rochester Red Wings : RHP Nelson Sanchez
|
|
Batting: RHB Greg Schultz
|
0-0: Ball 1-0: Ball 2-0: SINGLE (Groundball, 56D, EV 100.0 MPH)
|
|
Batting: RHB Danny Tartabull
|
0-0: Ball 1-0: DOUBLE (Flyball, 89D, EV 100.0 MPH) Greg Schultz to third
|
|
Batting: LHB Larry Sheets
|
0-0: Intentional Walk
|
|
Batting: RHB Jim Maler
|
0-0: Called Strike 0-1: Foul Ball, location: 2F 0-2: Foul Ball, location: 2F 0-2: Foul Ball, location: 2F 0-2: Ball 1-2: Grounds into fielders choice 5-2 (Groundball, 5, EV 82.5 MPH) Danny Tartabull to third Larry Sheets to second
|
|
Batting: RHB Michael Ventress
|
0-0: Ball 1-0: Called Strike 1-1: Called Strike 1-2: Strikes out swinging
|
|
Batting: RHB Glenn Goya
|
0-0: Ball 1-0: Called Strike 1-1: Fly out, F6 (Line Drive, 6, EV 64.4 MPH)
|
| Top of the 6th over - 0 runs, 2 hits, 0 errors, 3 left on base; Columbus 1 - Rochester 1 |
| BOTTOM OF THE 6TH |
|
Rochester Red Wings batting - Pitching for Columbus Jets : RHP Sven Lamberts
|
|
Batting: RHB Gerry Davis
|
0-0: Swinging Strike 0-1: Ball 1-1: SINGLE (Groundball, 4MD, EV 95.6 MPH)
|
|
Batting: RHB Pat Casey
|
0-0: Ball 1-0: Fly out, F9 (Flyball, 89S, EV 81.3 MPH)
|
|
Batting: RHB Chris Johnston
|
0-0: Called Strike 0-1: Ball 1-1: Ball 2-1: Foul Ball, location: 2F 2-2: Foul Ball, location: 2F 2-2: Foul Ball, location: 2F 2-2: Fly out, F8 (Line Drive, 8RM, EV 87.5 MPH)
|
|
Batting: LHB Dave Falcone
|
0-0: Ball Gerry Davis is caught stealing 2nd base 2-6
|
| Bottom of the 6th over - 0 runs, 1 hit, 0 errors, 0 left on base; Columbus 1 - Rochester 1 |
| TOP OF THE 7TH |
|
Columbus Jets batting - Pitching for Rochester Red Wings : RHP Nelson Sanchez
|
|
Batting: RHB Ray Smith
|
0-0: Foul Ball, location: 2F 0-1: Called Strike 0-2: Ball 1-2: Reached on error, E6 (Groundball, 6S, EV 94.4 MPH)
|
|
Batting: RHB Jackie Gutierrez
|
0-0: Ball 1-0: Bunt missed! 1-1: Bunt missed! 1-2: Foul Ball, location: 2F 1-2: Foul Ball, location: 2F 1-2: SINGLE (Line Drive, 89M, EV 106.3 MPH) Ray Smith to third
|
|
Batting: LHB Craig Brooks
|
0-0: SINGLE (Groundball, 34D, EV 107.5 MPH) Ray Smith scores Jackie Gutierrez to second Runner from 2nd tries for 3rd, SAFE, no throw by RF
|
|
Batting: RHB Greg Schultz
|
0-0: Ball 1-0: Ground out 4-3 (Groundball, 34, EV 94.4 MPH) Craig Brooks to second
|
|
Batting: RHB Danny Tartabull
|
0-0: Ball 1-0: Fly out, F9 (Flyball, 9, EV 83.1 MPH) Runner from 3rd tags up, SCORES, throw by RF Craig Brooks to third
|
|
Batting: LHB Larry Sheets
|
0-0: Intentional Walk
|
|
Batting: RHB Jim Maler
|
0-0: Ball 1-0: Foul Ball, location: 2F 1-1: Ball 2-1: Reached on error, E2 (Groundball, 15S, EV 72.5 MPH) Craig Brooks scores Larry Sheets to third
|
|
Batting: RHB Michael Ventress
|
0-0: Intentional Walk
|
|
Batting: RHB Glenn Goya
|
0-0: Ball 1-0: Ball 2-0: Ball 3-0: Base on Balls Larry Sheets scores Jim Maler to third Michael Ventress to second
|
|
Pitching: RHP Duane Theiss
|
|
|
Batting: RHB Ray Smith
|
0-0: Ball 1-0: SINGLE (Line Drive, 78M, EV 95.6 MPH) Jim Maler scores Michael Ventress to third Glenn Goya to second Runner from 3rd tries for Home, SAFE, throw by CF to home
|
|
Batting: RHB Jackie Gutierrez
|
0-0: Called Strike 0-1: Foul Ball, location: 2F 0-2: Strikes out swinging
|
| Top of the 7th over - 6 runs, 3 hits, 2 errors, 2 left on base; Columbus 7 - Rochester 1 |
| BOTTOM OF THE 7TH |
|
Rochester Red Wings batting - Pitching for Columbus Jets : RHP Sven Lamberts
|
|
Batting: LHB Dave Falcone
|
0-0: Called Strike 0-1: Foul Ball, location: 2F 0-2: Ball 1-2: Strikes out swinging
|
|
Batting: RHB Tom Brookens
|
0-0: Ground out 6-3 (Groundball, 6, EV 105.0 MPH)
|
|
Batting: RHB Johnnie LeMaster
|
0-0: Called Strike 0-1: Ground out 6-3 (Groundball, 6, EV 84.4 MPH)
|
| Bottom of the 7th over - 0 runs, 0 hits, 0 errors, 0 left on base; Columbus 7 - Rochester 1 |
| TOP OF THE 8TH |
|
Columbus Jets batting - Pitching for Rochester Red Wings : RHP Duane Theiss
|
|
Batting: LHB Craig Brooks
|
0-0: Ball 1-0: Ground out 1-3 (Groundball, 13S, EV 68.1 MPH)
|
|
Batting: RHB Greg Schultz
|
0-0: Ground out 5-3 (Groundball, 56S, EV 69.4 MPH)
|
|
Batting: RHB Danny Tartabull
|
0-0: Fly out, F8 (Line Drive, 8LD, EV 97.5 MPH)
|
| Top of the 8th over - 0 runs, 0 hits, 0 errors, 0 left on base; Columbus 7 - Rochester 1 |
| BOTTOM OF THE 8TH |
|
Rochester Red Wings batting - Pitching for Columbus Jets : RHP Sven Lamberts
|
|
Batting: RHB Jerry Dybzinski
|
0-0: Swinging Strike 0-1: Ball 1-1: Swinging Strike 1-2: Strikes out swinging
|
|
Batting: LHB Ed Amelung
|
0-0: SOLO HOME RUN (Line Drive, 89XD, EV 97.5 MPH), Distance : 418 ft
|
|
Batting: SHB Jordan Ayala
|
0-0: Ball 1-0: Ball 2-0: Called Strike 2-1: Ball 3-1: Base on Balls
|
|
Batting: RHB Gerry Davis
|
0-0: Foul Ball, location: 2F 0-1: Ball 1-1: Ball 2-1: Foul Ball, location: 2F 2-2: Foul Ball, location: 2F 2-2: DOUBLE (Flyball, 78XD, EV 105.0 MPH) Jordan Ayala to third Runner from 3rd tries for Home, SAFE, throw by LF to trailing runner, SAFE at third!
|
|
Batting: RHB Pat Casey
|
0-0: Called Strike 0-1: Fly out, F7 (Flyball, 7LM, EV 98.1 MPH) Runner from 3rd tags up, SCORES, no throw by LF
|
|
Batting: RHB Chris Johnston
|
0-0: Ball 1-0: Ball 2-0: Ball 3-0: Called Strike 3-1: Called Strike 3-2: Base on Balls
|
|
Batting: LHB Dave Falcone
|
0-0: Ground out 4-3 (Groundball, 4, EV 89.4 MPH)
|
| Bottom of the 8th over - 3 runs, 2 hits, 0 errors, 1 left on base; Columbus 7 - Rochester 4 |
| TOP OF THE 9TH |
|
Columbus Jets batting - Pitching for Rochester Red Wings : RHP Duane Theiss
|
|
Batting: LHB Larry Sheets
|
0-0: Ball 1-0: Called Strike 1-1: Fly out, F9 (Flyball, 9LS, EV 94.4 MPH)
|
|
Batting: RHB Jim Maler
|
0-0: Foul Ball, location: 2F 0-1: Ball 1-1: Foul Ball, location: 2F 1-2: Ground out 4-3 (Groundball, 4M, EV 99.4 MPH)
|
|
Batting: RHB Michael Ventress
|
0-0: Fly out, F8 (Flyball, 8LM, EV 82.5 MPH)
|
| Top of the 9th over - 0 runs, 0 hits, 0 errors, 0 left on base; Columbus 7 - Rochester 4 |
| BOTTOM OF THE 9TH |
|
Rochester Red Wings batting - Pitching for Columbus Jets : RHP Sven Lamberts
|
|
Now at 2B: Enrique Collado
|
|
|
Now at 3B: Paul Gbur
|
|
|
Now in RF: Dave Bialas
|
|
|
Batting: RHB Tom Brookens
|
0-0: Ball 1-0: Swinging Strike 1-1: Ball 2-1: Foul Ball, location: 2F 2-2: Ball 3-2: Fly out, F4 (Popup, 34S, EV 77.5 MPH)
|
|
Pitching: RHP Chuck Crim
|
|
|
Batting: RHB Johnnie LeMaster
|
0-0: Ball 1-0: Reached on error, E3 (Flyball, 3D, EV 91.3 MPH)
|
|
Batting: RHB Jerry Dybzinski
|
0-0: Ball 1-0: Grounds into double play, 6-4-3 (Groundball, 6, EV 86.3 MPH)
|
| Bottom of the 9th over - 0 runs, 0 hits, 1 error, 0 left on base; Columbus 7 - Rochester 4 |
|